 Dungeon Crawl Stone Soup version 0.31-a0-161-gb58dd9be76 (webtiles) character file.

Game seed: 13262944248491197730

121 qw the Shooter (level 5, -3/32 HPs)
             Began as a Gargoyle Hunter on June 12, 2023.
             Slain by Grinder (6 damage)
             ... on level 4 of the Dungeon.
             The game lasted 00:00:50 (2414 turns).

qw the Shooter (Gargoyle Hunter)                    Turns: 2414, Time: 00:00:51

Health: -3/32      AC:  6    Str: 15    XL:     5   Next: 5%
Magic:  5/5        EV: 12    Int:  9    God:
Gold:   119        SH:  0    Dex: 15    Spells: 4/4 levels left

rFire   + . .        Y - +0 shortbow
rCold   . . .        (shield currently unavailable)
rNeg    + . .        c - +0 robe {Will+}
rPois   inf          (no helmet)
rElec   +            (no cloak)
rCorr   .            (no gloves)
SInv    +            (no boots)
Will    +....        (no amulet)
Stlth   ++           d - ring of see invisible
HPRegen 0.25/turn    m - ring of protection from fire
MPRegen 0.09/turn

%: no passive effects
@: about to teleport
A: sickness immunity, AC +4, negative energy resistance 1, electricity
resistance, torment resistance 1, petrification resistance
a: no special abilities


You were on level 4 of the Dungeon.
You visited 1 branch of the dungeon, and saw 4 of its levels.

You collected 173 gold pieces.
You spent 54 gold pieces at shops.


Innate Abilities, Weirdness & Mutations

You are immune to sickness and miasma.
Your stone body is resilient. (AC +4)
You are immune to poison.
You resist negative energy. (rN+)
You are resistant to electric shocks. (rElec)
You are resistant to unholy torment.
You are immune to petrification.


   Skills:
 - Level 3.0 Fighting
 + Level 5.7 Ranged Weapons
 - Level 1.0 Armour
 - Level 1.5 Dodging
 - Level 1.1 Stealth


You had 4 spell levels left.
You didn't know any spells.
Your spell library was empty.

Inventory:

Hand Weapons
 Y - a +0 shortbow (weapon)
Armour
 c - a +0 robe of willpower (worn)
 i - a +0 ring mail
Jewellery
 d - a ring of see invisible (left hand)
 l - a +5 ring of evasion
 m - a ring of protection from fire (right hand)
Scrolls
 a - a scroll of identify
 n - a scroll of poison {unknown}
Potions
 b - 2 potions of resistance
 e - a potion of mutation {unknown}
 f - a potion of magic {unknown}
 h - a potion of attraction {unknown}
 j - a potion of curing {unknown}
 k - a potion of heal wounds

Dungeon Overview and Level Annotations

Branches:
Dungeon (4/15)
 Temple: D:4-7

Altars:
Cheibriados
Nemelex Xobeh

Shops:
D:1 *

Annotations:
D:4 Grinder


Message History

Grinder is heavily wounded.
Grinder gestures at you. You resist with almost no effort.
You shoot an arrow. The arrow closely misses Grinder.
Grinder barely misses you.
You shoot an arrow.
The arrow hits Grinder but does no damage.
Grinder is heavily wounded.
Grinder hits you.
You writhe in agony.
You shoot an arrow. The arrow hits Grinder.
Grinder is heavily wounded.
Grinder closely misses you.
You shoot an arrow. The arrow closely misses Grinder.
Grinder barely misses you. Grinder hits you.
You writhe in agony.
You shoot an arrow. The arrow closely misses Grinder.
Grinder gestures at you. You resist with some effort.
You shoot an arrow.
The arrow hits Grinder but does no damage.
Grinder is heavily wounded.
Grinder gestures at you. You resist with almost no effort.
You shoot an arrow.
The arrow hits Grinder but does no damage.
Grinder is heavily wounded.
Grinder closely misses you.
You shoot an arrow. The arrow closely misses Grinder.
Grinder hits you but does no damage.
You shoot an arrow. The arrow hits Grinder.
Grinder is severely wounded.
Grinder gestures at you. You resist with some effort.
You shoot an arrow. The arrow hits Grinder.
Grinder is severely wounded.
Grinder hits you!
You writhe in agony.
2414 ||| READING scroll of teleportation.
As you read the scroll of teleportation, it crumbles to dust.
You feel strangely unstable. Grinder hits you.
You die...

#....##
#.#####....#
#........###
#..######.# ..
#..#
##.#####..#
..........# .
...!......#....
.......@...#
.......5...#
......./...#
#............
#..............
##......)..#...
...........#...
............ ..


You could see Grinder.

Vanquished Creatures
  A gnoll (D:1)
  5 adders
  A worm (D:3)
  2 dart slugs (D:3)
  An orc (D:3)
  7 ball pythons
  7 bats
  4 endoplasms
  A giant cockroach (D:2)
  6 goblins
  7 hobgoblins
  6 kobolds (D:1)
  A quokka (D:3)
  5 frilled lizards
  5 rats
59 creatures vanquished.

Notes
Turn   | Place    | Note
-------+----------+-------------------------------------------
     0 | D:1      | qw the Gargoyle Hunter began the quest for the Orb.
     0 | D:1      | Reached XP level 1. HP: 12/12 MP: 1/1
     0 | D:1      | 0 ||| qw: Version: 0.2-a-29-gc1b59c4
     0 | D:1      | 0 ||| qw: Game counter: 4254
     0 | D:1      | 0 ||| qw: Always use a shield: true
     0 | D:1      | 0 ||| qw: God list: Okawaru
     0 | D:1      | 0 ||| qw: Allow faded altars: false
     0 | D:1      | 0 ||| qw: Do Orc after D:15 true
     0 | D:1      | 0 ||| qw: Do second Lair branch before Depths: true
     0 | D:1      | 0 ||| qw: Lair rune preference: random
     0 | D:1      | 0 ||| qw: Plans: Normal, Zot:1-4, Slime:5, God:TSO, Crypt,
                  | Tomb, Abyss, Pan, Hells, Win
     0 | D:1      | 0 ||| PLANNING D:1-11
   172 | D:1      | Reached XP level 2. HP: 17/17 MP: 2/2
   497 | D:1      | HP: 4/17 [gnoll/+0 flail (3)]
   499 | D:1      | Reached skill level 5 in Ranged Weapons
   499 | D:1      | Reached XP level 3. HP: 6/21 MP: 3/3
   806 | D:1      | Found Novimut's Assorted Antiques.
   814 | D:1      | 814 ||| SHOPLISTING encrusted fluorescent wand (120 gold,
                  | have 59).
   814 | D:1      | 814 ||| SHOPLISTING pair of glowing boots (225 gold, have
                  | 59).
   814 | D:1      | 814 ||| BUYING purple potion (27 gold).
   814 | D:1      | Bought a purple potion for 27 gold pieces
   814 | D:1      | 814 ||| BUYING red potion (27 gold).
   814 | D:1      | Bought a red potion for 27 gold pieces
   814 | D:1      | 814 ||| SHOPLISTING scroll labelled RUIFRE LATITH (30 gold,
                  | have 5).
   814 | D:1      | 814 ||| SHOPLISTING scroll labelled TYL KEFYWK (30 gold,
                  | have 5).
  1165 | D:1      | 1165 ||| UPGRADING to +0 ring mail.
  1175 | D:1      | 1175 ||| DROPPING +0 leather armour.
  1176 | D:1      | 1176 ||| UPGRADING to ring of see invisible.
  1177 | D:1      | 1177 ||| READING scroll labelled LUORGH DOIGOT.
  1178 | D:1      | 1178 ||| READING 2 scrolls labelled SIUR XARUNI.
  1183 | D:1      | 1183 ||| DROPPING scroll of butterflies.
  1319 | D:2      | Reached skill level 1 in Armour
  1573 | D:2      | Reached skill level 3 in Fighting
  1573 | D:2      | Reached XP level 4. HP: 26/28 MP: 4/4
  1707 | D:2      | 1707 ||| UPGRADING to +0 robe of willpower.
  1717 | D:2      | 1717 ||| UPGRADING to ring of protection from fire.
  1718 | D:2      | 1718 ||| READING scroll labelled RUIFRE LATITH.
  1719 | D:2      | 1719 ||| READING scroll labelled ZOXIGI YGOSTOG.
  1720 | D:2      | 1720 ||| READING scroll labelled TYL KEFYWK.
  1721 | D:2      | 1721 ||| DRINKING 3 coppery potions.
  1722 | D:2      | 1722 ||| DRINKING 2 red potions.
  1873 | D:3      | Found a sparkling altar of Nemelex Xobeh.
  1873 | D:3      | Found a snail-covered altar of Cheibriados.
  2015 | D:3      | Found a faded altar of an unknown god.
  2391 | D:4      | Noticed Grinder
  2397 | D:4      | Reached XP level 5. HP: 29/32 MP: 5/5
  2413 | D:4      | HP: 6/32 [Grinder (8)]
  2414 | D:4      | 2414 ||| READING scroll of teleportation.
  2414 | D:4      | Slain by Grinder

Levels and vault maps discovered:
D:1:      saegor_arrival_simple_d, layout_loops_ring, serial_shops,
          nicolae_shop_trees, serial_rivers, chequers_serial_rivers_marsh,
          chequers_serial_rivers_small_b, chequers_serial_rivers_large_a,
          chequers_serial_rivers_room_b, chequers_serial_rivers_micro_b,
          chequers_serial_rivers_small_3, minmay_misc_feat_columns,
          minmay_quantized
D:2:      layout_rooms, kennysheep_generic_room_5
D:3:      layout_basic, nicolae_overflow_two_pavilions,
          hellmonk_ecumenical_altar_blasted, minmay_crystal_room
D:4:      layout_rooms, minitemple, minmay_temple_entry_stoned_glass,
          grunt_ministairs_5, eino_small_chamber_without_monster, uniq_robin,
          uniq_menkaure, uniq_sigmund, uniq_natasha, uniq_grinder

Skill      XL: |  1  2  3 |
---------------+----------+-----
Ranged Weapons | 5 |  5.7
Armour         | 1 |  1.0
Fighting       | 3 |  3.0
Dodging        | |  1.5
Stealth        | |  1.1

Action                     |  1- 3 |  4- 6 || total
---------------------------+-------+-------++-------
   Fire: Shortbow          |   102 |    85 ||   187
    Use: Scroll            |     2 |     4 ||     6
         Potion            |       |     2 ||     2
 Armour: Leather armour    |     2 |       ||     2
         Ring mail         |    30 |     2 ||    32
         Robe              |       |     4 ||     4
  Dodge: Dodged            |    42 |    19 ||    61

Table legend:
 A = Non-vault XP
 B = Vault XP
 C = Vault XP percentage of total XP
 D = Non-vault monster count
 E = Vault monster count
 F = Vault count percentage of total count
                 A         B        C        D         E       F
            +---------+---------+-------+---------+---------+-------
      Total |     137 |      37 |  21.3 |      50 |       9 |  15.3
            +---------+---------+-------+---------+---------+-------
        D:1 |      27 |      19 |  41.3 |      17 |       5 |  22.7
        D:2 |      23 |      18 |  43.9 |      15 |       4 |  21.1
        D:3 |      72 |       0 |   0.0 |      16 |       0 |   0.0
        D:4 |      15 |       0 |   0.0 |       2 |       0 |   0.0
            +---------+---------+-------+---------+---------+-------
